 Dungeon Crawl Stone Soup version 0.28-a0-595-g9f6c0e134a (webtiles) character file.

Game seed: 5176241158356400798

12042 lawman0 the Destroyer (level 11, -8/81 HPs)
             Began as a Demigod Hedge Wizard on Oct 4, 2021.
             Mangled by a five-headed hydra (12 damage)
             ... on level 1 of the Lair of Beasts.
             The game lasted 00:41:20 (15330 turns).

lawman0 the Destroyer (Demigod Hedge Wizard)       Turns: 15330, Time: 00:41:21

Health: -8/81      AC:  7    Str: 14    XL:     11   Next: 32%
Magic:  1/25       EV: 12    Int: 28    God:
Gold:   44         SH:  0    Dex: 15    Spells: 4/24 levels left

rFire   . . .      SeeInvis +   s - +3 trident
rCold   + . .      Faith    .   (no shield)
rNeg    . . .      Spirit   .   t - +1 leather armour {rC+}
rPois   .          Reflect  .   k - +0 helmet
rElec   .          Harm     .   l - scarf {shadows}
rCorr   .          Rampage  .   e - +1 pair of gloves {Str+3}
Will    ++...                   (no boots)
Stlth   ++........              o - amulet of Cum Vamn {+Inv Will+ Regen+ Dex+2 SInv}
HPRegen 1.23/turn               D - +4 ring of slaying
MPRegen 0.19/turn               H - ring of wizardry

@: lethally poisoned (-8 -> -9), about to teleport, studying Armour
A: high mp 1, forlorn
a: Evoke Invisibility


You were on level 1 of the Lair of Beasts.
You visited 2 branches of the dungeon, and saw 13 of its levels.
You also visited: Bailey.

You collected 636 gold pieces.
You spent 592 gold pieces at shops.

Inventory:

Hand Weapons
 c - a +3 short sword
 q - a +0 bardiche of venom
 s - a +3 trident (weapon)
 K - a +2 spear of distortion
Missiles
 f - 11 throwing nets
Armour
 e - a +1 pair of gloves of strength (worn)
 k - a +0 helmet (worn)
 l - a scarf of shadows (worn)
 t - a +1 leather armour of cold resistance (worn)
Jewellery
 j - a ring of flight
 n - a ring of protection from fire
 o - the amulet of Cum Vamn (around neck) {+Inv Will+ Regen+ Dex+2 SInv}
   (You found it on level 3 of the Dungeon)

   [amulet of regeneration]

   Dex:       It affects your dexterity (+2).
   SInv:      It lets you see invisible.
   +Inv:      It lets you turn invisible.
   Regen:     It increases your rate of health regeneration.
   Will:      It increases your willpower.
 D - a +4 ring of slaying (left hand)
 G - a +4 ring of slaying
 H - a ring of wizardry (right hand)
Wands
 w - a wand of digging (5)
 B - a wand of charming (2)
 F - a wand of polymorph (8)
 I - a wand of flame (49)
 J - a wand of iceblast (6)
Scrolls
 a - 3 scrolls of vulnerability
 h - 5 scrolls of enchant weapon
 u - a scroll of teleportation
 v - 3 scrolls of fog
 y - a scroll of summoning
 z - 4 scrolls of amnesia
Potions
 b - 2 potions of brilliance
 d - a potion of haste
 g - a potion of resistance
 i - a potion of invisibility
 m - 4 potions of curing
 p - 2 potions of might
 r - 5 potions of attraction {unknown}
 x - 2 potions of heal wounds
 A - 2 potions of degeneration
 C - a potion of mutation
 E - a potion of ambrosia


   Skills:
 + Level 2.9 Fighting
 + Level 2.8 Polearms
 + Level 3.8 Armour
 + Level 3.1 Dodging
 + Level 3.3 Stealth
 + Level 7.1 Spellcasting
 * Level 8.1 Conjurations
 + Level 6.3 Summonings
 + Level 3.7 Translocations
 * Level 6.8 Air Magic
 + Level 4.4 Poison Magic
 + Level 2.0 Evocations


You had 4 spell levels left.
You knew the following spells:

 Your Spells              Type           Power      Damage    Failure   Level
a - Magic Dart            Conj           100%       1d8       1%          1
b - Blink                 Tloc           N/A        N/A       1%          2
c - Call Imp              Summ           45%        N/A       1%          2
d - Mephitic Cloud        Conj/Pois/Air  46%        N/A       1%          3
e - Teleport Other        Tloc           30%        N/A       1%          3
f - Summon Lightning Spi  Summ/Air       46%        N/A       1%          4
g - Lightning Bolt        Conj/Air       25%        1d41      3%          5

Your spell library contained the following spells:

 Spells                   Type           Power      Damage    Failure   Level
 Call Canine Familiar     Summ           45%        N/A       1%          3
 Conjure Flame            Conj/Fire      32%        6-21      1%          3
 Gell's Gravitas          Tloc           15%        N/A       1%          3
 Airstrike                Air            24%        N/A       1%          4
 Pain                     Necr           36%        1d5       2%          1
 Slow                     Hex            9%         N/A       4%          2
 Portal Projectile        Hex/Tloc       40%        N/A       4%          3
 Hailstorm                Conj/Ice       32%        3d8       4%          4
 Animate Dead             Necr           4%         N/A       26%         4
 Ice Form                 Ice/Tmut       9%         N/A       26%         4
 Leda's Liquefaction      Hex/Erth       4%         N/A       26%         4
 Agony                    Necr           9%         N/A       56%         5
 Excruciating Wounds      Necr           4%         N/A       56%         5
 Dispersal                Tloc           15%        N/A       63%         6
 Simulacrum               Ice/Necr       4%         N/A       98%         6
 Haunt                    Necr/Summ      13%        N/A       99%         7
 Infestation              Necr           4%         N/A       100%        8


Dungeon Overview and Level Annotations

Branches:
Dungeon (12/15)            Temple (0/1) D:6            Lair (1/6) D:10
 Bailey (visited)
    Orc: D:9-12

Shops:
D:2 *?*   D:6 =   D:11 *

Annotations:
D:6 Pikel


Innate Abilities, Weirdness & Mutations

Your attributes grow dramatically as you level up.
You have an increased reservoir of magic. (+10% MP)
You shall have no god before yourself.


Message History

You feel sick.
Casting: Lightning Bolt (dangerous; 3% risk of failure)
Confirm with . or Enter, or press ? or * to list all spells.
You blink.
You feel sick.
Aiming: Iceblast
Press: ? - help, Shift-Dir - straight line, f - five-headed hydra
Aim: a five-headed hydra (lightly wounded)
The mass of ice explodes!
The iceblast engulfs the five-headed hydra!
The five-headed hydra is moderately wounded.
The iceblast engulfs the water moccasin!
You kill the water moccasin!
You feel sick.
Unknown command.
Unknown command.
You feel sick.
Aiming: Iceblast
Press: ? - help, Shift-Dir - straight line, f/p - five-headed hydra
Aim: a five-headed hydra (moderately wounded)
The mass of ice explodes!
The iceblast engulfs the five-headed hydra!
The five-headed hydra is heavily wounded.
You feel sick.
You hear a croak.
You hear an angry hiss.
Unknown command.
You feel sick. The five-headed hydra bites you. x2
The five-headed hydra bites you! The five-headed hydra bites you.
* * * LOW HITPOINT WARNING * * *
The five-headed hydra bites you.
* * * LOW HITPOINT WARNING * * *
As you read the scroll of teleportation, it crumbles to dust.
You feel strangely unstable.
You feel sick. The five-headed hydra bites you.
* * * LOW HITPOINT WARNING * * *
The five-headed hydra bites you!
* * * LOW HITPOINT WARNING * * *
The five-headed hydra closely misses you.
The five-headed hydra bites you.
* * * LOW HITPOINT WARNING * * *
The five-headed hydra bites you!
You die...

...........##...##
....#.####.....(#
.....#####......#
....###§##..#.#.#
..#.#≈§≈≈#.###..##
P≈§≈≈#.####..#
#≈≈≈≈≈.##P..##
######...D...#
######..@....##
.......#..#...#
.......###...##
.............#
.............#
.............#
.............#
.......#######
......<#


You could see a five-headed hydra.

Vanquished Creatures
  A hydra (D:8)
  3 two-headed ogres
  A komodo dragon (Lair:1)
  2 shadows
  2 yaks (D:10)
  2 wyverns
  A vampire mosquito (D:10)
  2 wargs (D:9)
  A water moccasin (Lair:1)
  11 orc warriors
  A hornet zombie (D:8)
  A necrophage (D:4)
  A wolf (D:8)
  9 centaurs
  2 lemures
  3 bullfrogs
  A nameless horror (D:8)
  A kobold brigand (D:6)
  A gnoll sergeant (D:6)
  3 scorpions
  4 killer bees
  3 howler monkeys
  A bullfrog zombie (D:7)
  A centaur zombie (D:9)
  3 hounds
  Crazy Yiuf (D:6)
  6 orc priests
  An iguana (D:4)
  3 orc wizards
  A hound skeleton (D:2)
  7 adders
  4 gnolls
  A howler monkey zombie (D:9)
  A shadow imp (D:6)
  A white imp (D:7)
  2 adder skeletons
  4 dart slugs
  57 orcs
  4 bats
  4 endoplasms
  5 giant cockroaches
  2 goblins
  8 hobgoblins
  4 jackals
  3 quokkas
  5 ball pythons
  A frilled lizard (D:1)
  8 kobolds
  4 rats
198 creatures vanquished.

Vanquished Creatures (collateral kills)
  Harold (D:9)
  Erolcha (D:9)
  An ugly thing (D:9)
  2 trolls
  A shadow (D:9)
  2 yaks (D:10)
  Grum (D:9)
  A vampire mosquito (D:10)
  A warg (D:10)
  2 orc warriors
  2 wolves (D:9)
  4 centaurs
  4 gnoll sergeants (D:10)
  5 killer bees
  3 hounds (D:10)
  A bullfrog skeleton (D:6)
  2 gnoll shamans (D:10)
  2 orc priests
  An iguana (D:5)
  3 orc wizards
  17 gnolls (D:10)
  An adder (D:4)
  8 orcs
  3 goblins (D:8)
  3 jackals (D:10)
  3 kobolds (D:6)
75 creatures vanquished.

Vanquished Creatures (others)
  A water moccasin (D:8)
  A fire vortex (Lair:1)
  3 plants
5 creatures vanquished.

Grand Total: 278 creatures vanquished

Notes
Turn   | Place    | Note
-------+----------+-------------------------------------------
     0 | D:1      | lawman0 the Demigod Hedge Wizard began the quest for the
                  | Orb.
     0 | D:1      | Reached XP level 1. HP: 14/14 MP: 6/6
   116 | D:1      | Reached skill level 1 in Conjurations
   362 | D:1      | Reached XP level 2. HP: 20/20 MP: 2/8
   365 | D:1      | Learned a level 2 spell: Blink
   368 | D:1      | Learned a level 2 spell: Call Imp
  1327 | D:2      | Found Izuicw's General Store.
  1331 | D:2      | Bought a scroll of identify for 20 gold pieces
  1375 | D:2      | Reached XP level 3. HP: 27/27 MP: 6/10
  1448 | D:2      | Learned a level 3 spell: Mephitic Cloud
  1788 | D:2      | Found Viducwou's Magic Scroll Shop.
  1792 | D:2      | Bought a scroll of identify for 24 gold pieces
  1792 | D:2      | Bought a scroll of teleportation for 36 gold pieces
  2106 | D:2      | Found Awotta's Assorted Antiques.
  2190 | D:2      | Reached skill level 1 in Air Magic
  2759 | D:3      | Reached XP level 4. HP: 34/34 MP: 3/12
  2941 | D:3      | Reached skill level 2 in Conjurations
  4147 | D:3      | Identified the amulet of Cum Vamn {+Inv Will+ Regen+ Dex+2
                  | SInv}
  4153 | D:3      | .........................
  4153 | D:3      | lmao
  4263 | D:2      | Bought a red potion for 18 gold pieces
  4263 | D:2      | Bought a red potion for 18 gold pieces
  4263 | D:2      | Bought a scroll labelled IGAJOS UCLE for 21 gold pieces
  4416 | D:4      | Reached XP level 5. HP: 39/39 MP: 8/13
  4562 | D:4      | Noticed a necrophage
  4602 | D:4      | Killed a necrophage
  4603 | D:4      | Reached skill level 3 in Conjurations
  4603 | D:4      | Reached skill level 1 in Summonings
  4603 | D:4      | Reached skill level 1 in Poison Magic
  4970 | D:4      | Reached skill level 1 in Armour
  4974 | D:4      | Learned a level 3 spell: Teleport Other
  5149 | D:4      | Reached skill level 1 in Translocations
  5370 | D:4      | Reached XP level 6. HP: 46/46 MP: 10/14
  6050 | D:5      | Entered Level 5 of the Dungeon
  6727 | D:5      | Reached skill level 1 in Fighting
  6872 | D:6      | Reached XP level 7. HP: 50/52 MP: 0/16
  7040 | D:6      | Found a staircase to the Ecumenical Temple.
  7076 | D:6      | Found Nelodaw's Jewellery Shoppe.
  7207 | D:6      | Noticed Pikel
  7561 | D:6      | Found a runed translucent door.
  7562 | D:6      | Noticed Crazy Yiuf
  7581 | D:6      | Killed Crazy Yiuf
  7614 | D:6      | Reached skill level 4 in Conjurations
  8271 | D:7      | Reached XP level 8. HP: 34/61 MP: 11/18
  8321 | D:7      | Learned a level 4 spell: Summon Lightning Spire
  8508 | D:7      | Identified the +0 leather armour "Yseplyash" {rPois Will+
                  | Dex-4}
  8678 | D:8      | Noticed a two-headed ogre
  8723 | D:8      | Found a flagged portal.
  8738 | Bailey   | Entered a bailey
  9127 | Bailey   | Reached skill level 1 in Evocations
  9150 | Bailey   | Reached skill level 5 in Conjurations
  9477 | Bailey   | Reached XP level 9. HP: 62/67 MP: 15/19
  9531 | Bailey   | Reached skill level 5 in Spellcasting
  9919 | D:8      | Killed a two-headed ogre
  9920 | D:8      | Reached skill level 6 in Conjurations
 10695 | D:8      | Noticed a four-headed hydra
 11166 | D:8      | Killed a four-headed hydra
 11167 | D:8      | Reached skill level 5 in Air Magic
 11456 | D:8      | Noticed a two-headed ogre
 11493 | D:8      | Killed a two-headed ogre
 11494 | D:8      | Reached XP level 10. HP: 73/73 MP: 19/22
 11922 | D:9      | Reached skill level 1 in Polearms
 11922 | D:9      | Noticed Grum
 11926 | D:9      | Killed Grum
 11927 | D:9      | Reached skill level 5 in Summonings
 12411 | D:9      | Noticed a purple ugly thing
 12451 | D:9      | Killed a purple ugly thing
 12452 | D:9      | Reached skill level 7 in Conjurations
 12600 | D:9      | Noticed Erolcha
 12622 | D:9      | Killed Erolcha
 12687 | D:9      | Learned a level 5 spell: Lightning Bolt
 13329 | D:10     | Entered Level 10 of the Dungeon
 13362 | D:10     | Noticed a two-headed ogre
 13740 | D:10     | You fall into a shaft and drop 2 floors!
 13760 | D:12     | Noticed a brown ugly thing
 13761 | D:12     | Noticed a manticore
 13792 | D:12     | Noticed a two-headed ogre
 13875 | D:11     | Found Jumy's Assorted Antiques.
 13886 | D:11     | Bought a wand of flame (25) for 25 gold pieces
 14096 | D:10     | Reached XP level 11. HP: 81/81 MP: 20/24
 14125 | D:10     | Killed a two-headed ogre
 14131 | D:10     | Noticed Harold
 14412 | D:2      | Bought a pair of embroidered gloves for 157 gold pieces
 14418 | D:2      | Bought 3 scrolls of identify for 126 gold pieces
 14422 | D:2      | Bought a scroll of identify for 42 gold pieces
 14422 | D:2      | Bought a small brass ring for 105 gold pieces
 14618 | D:9      | Killed Harold
 14766 | D:10     | Found a staircase to the Lair.
 15261 | Lair:1   | Entered Level 1 of the Lair of Beasts
 15313 | Lair:1   | Reached skill level 8 in Conjurations
 15317 | Lair:1   | Noticed a five-headed hydra
 15330 | Lair:1   | HP: 4/81 [five-headed hydra (6)]
 15330 | Lair:1   | Mangled by a five-headed hydra

Illustrated notes

.......#.#.#.#.#.# #########
.........#.#.#.#.########
.........#.#............#
....>......#.########.#.#
...........#.#...)..#.#.#
...........#.#.####.#.#.#
..........##.#.#..#.#.#.##
.............#.#..#.#.#..#
........####.#.#@##.#.#..#
.......## #.#.#....#.#..#
......######.#.######.#..######
.............#........#.......#
....########.##########..###.##
...###..................####.#
..## #...............#.......#
..# #...............#.#######
..# #...............#.#


Turn 4153 on D:3: .........................

Levels and vault maps discovered:
D:1:      roderic_dead_forest, layout_basic,
          hellmonk_ecumenical_altar_heavens_door, solitary_fountain,
          corexii_item_surrounded_by_moat, minmay_distorted
D:2:      layout_loops_corners, serial_shops, shop, shop, nicolae_shop_stone,
          kennysheep_generic_room_10
D:3:      layout_basic, minivault_5
D:4:      layout_loops_corners, grunt_temple_overflow_open
D:5:      layout_rooms, mainiacjoe_overflow_large_starburst, serial_rivers,
          chequers_serial_rivers_micro_e, chequers_serial_rivers_small_3,
          chequers_serial_rivers_micro_d, chequers_serial_rivers_micro_a,
          minmay_checkerbox
D:6:      layout_basic, minmay_temple_entry_overgrown, serial_shops,
          shop_statue, uniq_crazy_yiuf_cottage, uniq_pikel
D:7:      layout_cave_pools
D:8:      layout_layer_cave, enter_bailey_5, lemuel_flamethrower_2
D:9:      layout_basic, kennysheep_generic_room_14, uniq_erolcha, uniq_grum
D:10:     minmay_spotlight, layout_cave_pools, erik_lair_orcish_takeover,
          serial_gnoll_camp, gnoll_camp_mini_basic, gnoll_camp_medium_02,
          gnoll_camp_huts_basic, gnoll_camp_mini_hut, uniq_harold
D:11:     layout_cave_pools, kennysheep_orc_monster_closet_entryway,
          serial_shops, shop, kennysheep_generic_room_5, uniq_psyche,
          uniq_gastronok, uniq_sonja
D:12:     layout_loops_ring
Lair:1:   layout_gridlike, infiniplex_staircase_pool_2, serial_bayou_shore_b,
          serial_bayou_shore_a, lemuel_fruit_fields

Skill      XL: |  1  2  3  4  5  6  7  8  9 10 11 |
---------------+----------------------------------+-----
Conjurations   | 1 2 3 4 5 6 7 8 |  8.1
Dodging        | 2 3 |  3.1
Spellcasting   | 3 4 5 6 7 |  7.1
Stealth        | 2 3 |  3.3
Air Magic      | 1 2 3 5 6 |  6.8
Summonings     | 1 3 4 6 |  6.3
Poison Magic   | 1 2 3 4 |  4.4
Armour         | 1 2 3 |  3.8
Translocations | 1 2 3 |  3.7
Fighting       | 1 2 |  2.9
Evocations     | 1 2 |  2.0
Polearms       | 2 |  2.8

Action                   |  1- 3 |  4- 6 |  7- 9 | 10-12 || total
-------------------------+-------+-------+-------+-------++-------
Melee: Rapier            |    10 |       |       |       ||    10
       Dagger            |     1 |       |       |       ||     1
       Short sword       |     1 |    90 |   109 |       ||   200
       Trident           |       |       |    11 |    86 ||    97
 Cast: Magic Dart        |   109 |   151 |   148 |    41 ||   449
       Call Imp          |       |    12 |    12 |     1 ||    25
       Blink             |       |     4 |    23 |    16 ||    43
       Mephitic Cloud    |       |     5 |    34 |     6 ||    45
       Summon Lightning  |       |       |    13 |    39 ||    52
       Lightning Bolt    |       |       |       |    14 ||    14
Evoke: Wand              |       |     1 |    35 |     9 ||    45
  Use: Scroll            |     3 |       |    12 |    13 ||    28
       Potion            |       |       |     1 |     6 ||     7
 Stab: Sleeping          |     1 |       |       |       ||     1
       Confused          |       |     3 |     2 |     4 ||     9
       Distracted        |       |       |       |     2 ||     2
Armor: Robe              |     6 |       |       |       ||     6
       Leather armour    |       |    25 |    36 |    29 ||    90
Dodge: Dodged            |    19 |    73 |   118 |    90 ||   300

Table legend: (Time is in decaauts)
 A = Elapsed time spent in this place.
 B = Non-inter-level travel time spent in this place.
 C = Inter-level travel time spent in this place.
 D = Time resting spent in this place.
 E = Time spent auto-exploring this place.
 F = Levels seen in this place.
 G = Mean time per level.
                   A        B        C        D        E       F      G
               +--------+--------+--------+--------+--------+-----+--------+
         Total |  15403 |  14504 |    899 |   2602 |   8691 |  14 | 1100.2 |
       Dungeon |  14206 |  13308 |    898 |   2196 |   8338 |  12 | 1183.8 |
          Lair |     70 |     70 |      0 |      0 |     30 |   1 |   70.0 |
        Bailey |   1126 |   1126 |      0 |    406 |    322 |   1 | 1126.0 |
               +--------+--------+--------+--------+--------+-----+--------+

Top non-repeatable levels by time:
     D:8: 2131 daAuts
     D:9: 1728 daAuts
     D:4: 1715 daAuts
     D:3: 1700 daAuts
     D:2: 1555 daAuts
     D:1: 1296 daAuts
     D:6: 1131 daAuts
  Bailey: 1126 daAuts
    D:10: 966 daAuts
     D:5: 875 daAuts
     D:7: 820 daAuts
    D:11: 206 daAuts
    D:12: 79 daAuts
  Lair:1: 70 daAuts
